[Event "Titled Tuesday Blitz March 01 Early 2022"]
[White "Selkirk, Rebecca"]
[Black "Sarkar, Justin"]
[WhiteFideId "14306514"]
[BlackFideId "2010011"]
[WhiteElo "1649"]
[BlackElo "2038"]
[Result "0-1"]
[Round "09"]
[TimeControl "180+1"]
[Date "2022.03.01"]
[WhiteClock "0:02:34"]
[BlackClock "0:00:55"]

1. e4 e5 2. Nf3 Nc6 3. Bb5 a6 4. Ba4 Nf6 5. Qe2 b5 6. Bb3 Bc5 7. c3 O-O 8. O-O d6 9. d3 Bb6 10. Bg5 h6 11. Be3 Bxe3 12. fxe3 d5 13. exd5 Nxd5 14. e4 Nf4 15. Qe3 Qxd3 16. Qc5 Qxe4 17. Nbd2 Qg6 18. Rf2 Nd3 19. Nxe5 Ncxe5 0-1


[Site "https://www.chess.com"]

[Event "Titled Tuesday Blitz March 01 Early 2022"]
[White "Shubenkova, Veronika"]
[Black "Estrada Nieto, Julian"]
[WhiteFideId "44124040"]
[BlackFideId "5101018"]
[WhiteElo "1938"]
[BlackElo "2246"]
[Result "1-0"]
[Round "09"]
[TimeControl "180+1"]
[Date "2022.03.01"]
[WhiteClock "0:00:50"]
[BlackClock "0:00:02"]

1. e4 e5 2. Nf3 Nc6 3. Bb5 a6 4. Bxc6 dxc6 5. O-O Bd6 6. Re1 Ne7 7. d4 Ng6 8. dxe5 Nxe5 9. Nxe5 Bxe5 10. Qxd8+ Kxd8 11. c3 Bd7 12. f4 Bd6 13. Be3 b6 14. e5 Be7 15. Nd2 Kc8 16. Nf3 Kb7 17. Rad1 Rad8 18. Rd2 Be6 19. b3 a5 20. Red1 Rxd2 21. Rxd2 a4 22. Nd4 axb3 23. axb3 Bc8 24. Kf2 Rd8 25. h3 c5 26. Nf3 Be6 27. c4 Ra8 28. g4 Ra3 29. f5 Bc8 30. Rd3 b5 31. Ke2 Kc6 32. Bg5 f6 33. Bf4 Ba6 34. Nd2 fxe5 35. Bxe5 Bf6 36. Bxf6 gxf6 37. Ke3 bxc4 38. bxc4 Ra1 39. Rc3 Re1+ 40. Kf4 Rd1 41. Ne4 Rd4 42. Ke3 Rxc4 43. Ra3 Bb7 44. Nxf6 Kd6 45. Nxh7 Re4+ 46. Kd2 Rf4 47. Ng5 Rf2+ 48. Kc1 Rh2 49. Rd3+ Ke5 50. Nf3+ Bxf3 51. Rxf3 Kf6 52. Rc3 Kg5 53. Rf3 Re2 54. f6 Re8 55. Rf5+ Kg6 56. h4 Re4 57. h5+ Kf7 58. g5 Rh4 59. g6+ Ke6 60. Rxc5 Kxf6 61. Kd2 Rh2+ 62. Ke3 c6 63. Rxc6+ Kg5 64. g7 1-0


[Site "https://www.chess.com"]

[Event "Titled Tuesday Blitz March 01 Early 2022"]
[White "Shukhman, Anna"]
[Black "Rudzinska, Michalina"]
[WhiteFideId "54180058"]
[BlackFideId "1172883"]
[WhiteElo "1628"]
[BlackElo "1904"]
[Result "1/2-1/2"]
[Round "09"]
[TimeControl "180+1"]
[Date "2022.03.01"]
[WhiteClock "0:00:09"]
[BlackClock "0:00:04"]

1. e4 c5 2. Nf3 e6 3. d4 cxd4 4. Nxd4 a6 5. Bd3 Qc7 6. O-O Nf6 7. Qe2 d6 8. c4 g6 9. Nc3 Bg7 10. Be3 O-O 11. f4 Nbd7 12. h3 b6 13. Rae1 Bb7 14. f5 e5 15. Nb3 Nc5 16. Nxc5 dxc5 17. Bg5 Rad8 18. Bxf6 Bxf6 19. Nd5 Bxd5 20. exd5 b5 21. b3 bxc4 22. bxc4 Rb8 23. Rb1 Qe7 24. Rb3 Rxb3 25. axb3 Rb8 26. Bc2 e4 27. fxg6 fxg6 28. Kh1 e3 29. Rf3 Bd4 30. Rf4 Rf8 31. Rxf8+ Qxf8 32. Bd3 Qf4 33. Qf3 Qxf3 34. gxf3 Kf7 35. f4 Kf6 36. Kg2 h6 37. Kf3 g5 38. fxg5+ Kxg5 39. Ke4 Kf6 40. Kf4 h5 41. Be2 h4 42. Kg4 Be5 43. Kf3 Bd4 44. Kf4 Be5+ 45. Kxe3 Bd6 46. Ke4 Kg5 47. Bg4 Bc7 48. d6 Bxd6 49. Kd5 Bf8 50. Kc6 Kf4 51. Kb6 Ke5 52. Kxa6 Kd4 53. Kb5 Kc3 54. Bd1 Kd4 55. Bg4 Bd6 56. Ka4 Kc3 57. Ka3 Be5 58. Ka4 Bd6 59. Bd1 Kd2 60. Bg4 Kc3 1/2-1/2


[Site "https://www.chess.com"]

[Event "Titled Tuesday Blitz March 01 Early 2022"]
[White "Sikorova, Olga"]
[Black "Shtyka, Sergey"]
[WhiteFideId "307033"]
[BlackFideId "4138465"]
[WhiteElo "2187"]
[BlackElo "2014"]
[Result "0-1"]
[Round "09"]
[TimeControl "180+1"]
[Date "2022.03.01"]
[WhiteClock "0:01:50"]
[BlackClock "0:00:43"]

1. c4 c5 2. g3 Nc6 3. Bg2 g6 4. Nc3 Bg7 5. a3 Nf6 6. e4 O-O 7. Nge2 d6 8. O-O Be6 9. d3 Qc8 10. Re1 Bh3 11. Bh1 Nd4 12. Nxd4 cxd4 13. Ne2 e5 14. b4 Ng4 15. f3 Ne3 16. Bxe3 dxe3 17. Nc3 f5 18. Nd5 Qd7 19. Nxe3 f4 20. Nd5 g5 21. g4 h5 22. Bg2 hxg4 23. Bxh3 gxh3 24. Kh1 Kf7 25. Rg1 Bf6 26. Rg4 Rh8 27. Qb3 Rh4 28. Rag1 Rxg4 29. Rxg4 Kg6 30. Qd1 Rh8 31. d4 exd4 32. Nxf4+ Kf7 33. Nd5 Rh4 34. Rxh4 gxh4 35. f4 Bg7 36. Qh5+ Kg8 37. Qxh4 Qe6 38. Qe1 d3 39. Kg1 Qg4+ 0-1


[Site "https://www.chess.com"]

[Event "Titled Tuesday Blitz March 01 Early 2022"]
[White "Silva, Mariana Sofia T."]
[Black "Jakubowska, Anna"]
[WhiteFideId "1911899"]
[BlackFideId "1121952"]
[WhiteElo "1825"]
[BlackElo "1924"]
[Result "0-1"]
[Round "09"]
[TimeControl "180+1"]
[Date "2022.03.01"]
[WhiteClock "0:00:10"]
[BlackClock "0:00:15"]

1. Nf3 f5 2. d3 g6 3. e4 d6 4. Nc3 Bg7 5. g3 Nf6 6. Bg2 O-O 7. O-O c6 8. e5 Ng4 9. exd6 exd6 10. Bg5 Qc7 11. Re1 Nd7 12. Qd2 h6 13. Be7 Rf7 14. Qf4 Nde5 15. Nxe5 dxe5 16. Qc4 Qxe7 17. h3 Be6 18. Qa4 Nf6 19. Rxe5 Nd7 20. Re2 Qd6 21. Rae1 Nc5 22. Qa3 Bd7 23. Na4 Bf8 24. Re5 Nxa4 25. Qxa4 Bg7 26. R5e2 Bd4 27. Qb3 Kg7 28. c3 Bb6 29. d4 f4 30. Re5 fxg3 31. fxg3 Raf8 32. Qc2 Bf5 33. Qe2 Qd7 34. g4 Bc7 35. gxf5 Bxe5 36. Qxe5+ Rf6 37. fxg6 Kxg6 38. Be4+ Kg7 39. Kh2 Kh8 40. Bd3 Qd6 41. Qxd6 Rxd6 42. Re7 Rb8 43. Rh7+ Kg8 44. Re7 a6 45. Kg3 b5 46. h4 a5 47. h5 Kf8 48. Bg6 Kxe7 49. Kf4 Rf8+ 50. Ke5 Rd5+ 51. Ke4 Kd6 52. Bf5 Rdxf5 53. a4 Rxh5 54. Ke3 Rh3+ 55. Ke4 bxa4 56. d5 Re8+ 57. Kd4 Rh4+ 58. Kd3 cxd5 59. Kc2 Rh2+ 60. Kd3 Rxb2 61. c4 dxc4+ 62. Kxc4 Rc8+ 63. Kd3 Rc5 64. Kd4 Rb4+ 65. Kd3 a3 66. Kd2 Rd4+ 0-1


[Site "https://www.chess.com"]

[Event "Titled Tuesday Blitz March 01 Early 2022"]
[White "Silva, Miguel Antonio Neto"]
[Black "Savchenko, Boris"]
[WhiteFideId "1911929"]
[BlackFideId "4147332"]
[WhiteElo "2204"]
[BlackElo "2512"]
[Result "0-1"]
[Round "09"]
[TimeControl "180+1"]
[Date "2022.03.01"]
[WhiteClock "0:01:42"]
[BlackClock "0:01:28"]

1. e4 c5 2. Nf3 d6 3. Bb5+ Bd7 4. Bxd7+ Qxd7 5. c4 e5 6. Nc3 f5 7. d3 Nc6 8. O-O f4 9. Rb1 Be7 10. a3 g5 11. b4 g4 12. b5 gxf3 13. bxc6 bxc6 14. Qxf3 Nh6 15. Bd2 Rg8 16. h3 Nf7 17. Qh5 Rg5 18. Qxh7 O-O-O 19. Qxf7 Rdg8 20. g3 Qxh3 21. Ne2 Rh8 0-1


[Site "https://www.chess.com"]

[Event "Titled Tuesday Blitz March 01 Early 2022"]
[White "Sinitsina, Anastassia"]
[Black "Romanchuk, Viktor"]
[WhiteFideId "4504640"]
[BlackFideId "14109271"]
[WhiteElo "2144"]
[BlackElo "2242"]
[Result "1/2-1/2"]
[Round "09"]
[TimeControl "180+1"]
[Date "2022.03.01"]
[WhiteClock "0:00:25"]
[BlackClock "0:00:34"]

1. Nf3 d5 2. g3 c6 3. Bg2 Bg4 4. O-O Nd7 5. d3 e6 6. Nbd2 Bc5 7. e4 Ne7 8. h3 Bh5 9. Qe2 O-O 10. Nb3 Bb6 11. Be3 a5 12. a4 Re8 13. Rfe1 dxe4 14. dxe4 Bxf3 15. Bxf3 Ne5 16. Bg2 Bxe3 17. Qxe3 N7g6 18. Rad1 Qe7 19. Qc5 b6 20. Qxe7 Rxe7 21. c3 Nc4 22. Re2 e5 23. Bf1 b5 24. Rc2 bxa4 25. Bxc4 axb3 26. Bxb3 a4 27. Bc4 Rb7 28. Rcd2 Nf8 29. Kg2 Rab8 30. Ra1 Rxb2 31. Rxb2 Rxb2 32. Rxa4 Rb7 33. Ra8 g6 34. Rc8 Kg7 35. Rxc6 Nd7 36. Bd5 Rb6 37. Rxb6 Nxb6 38. c4 Na4 39. Kf1 Nc5 40. Ke2 f5 41. f3 fxe4 42. fxe4 Kf6 43. Kd2 Ke7 44. Kc3 Kd6 45. Kb4 g5 46. Kb5 Nd7 47. Bg8 h6 48. Bh7 Nc5 49. Bf5 Nd3 50. Kb6 Nc5 51. h4 gxh4 52. gxh4 Na4+ 53. Kb5 Nc5 54. h5 Nd3 55. Kb6 Nc5 56. Kb5 Nd3 57. Kb6 Nc5 58. Kb5 1/2-1/2


[Site "https://www.chess.com"]

[Event "Titled Tuesday Blitz March 01 Early 2022"]
[White "Siva Mahadevan"]
[Black "Djokic, Mihailo"]
[WhiteFideId "25043153"]
[BlackFideId "976440"]
[WhiteElo "2203"]
[BlackElo "2008"]
[Result "0-1"]
[Round "09"]
[TimeControl "180+1"]
[Date "2022.03.01"]
[WhiteClock "0:00:09"]
[BlackClock "0:00:02"]

1. e4 c5 2. Nf3 d6 3. d4 cxd4 4. Nxd4 Nf6 5. Nc3 g6 6. Be3 Bg7 7. f3 O-O 8. Qd2 Nc6 9. Bc4 Bd7 10. h4 Rc8 11. Bb3 h5 12. O-O-O Ne5 13. Bg5 Rc5 14. Kb1 Re8 15. g4 hxg4 16. h5 Nxh5 17. fxg4 Bxg4 18. Rdg1 Qa5 19. Bh6 Nf3 20. Nxf3 Bxf3 21. Bxg7 Kxg7 22. Rh3 Bxe4 23. Qd4+ Re5 24. Rxh5 Bf3 25. Rh3 Bc6 26. Qh4 e6 27. Qh7+ Kf6 28. a3 Qc5 29. Rd1 Rf5 30. Qh4+ Kg7 31. Ne2 Bf3 32. Qh6+ Kf6 33. Ng3 d5 34. Nxf5 Bxd1 35. Qg7+ Kg5 36. Qxf7 Rf8 37. Qxe6 Rxf5 38. Rg3+ Bg4 39. Qe2 Rf4 40. Qe5+ Rf5 41. Qe6 Qd4 42. Ka2 Qe5 43. Qd7 Qxg3 44. Qxb7 Qf4 45. Qxa7 d4 46. Qb8 Qxb8 0-1


[Site "https://www.chess.com"]

[Event "Titled Tuesday Blitz March 01 Early 2022"]
[White "Sovetbekova, Nurai"]
[Black "Krylov, Ivan"]
[WhiteFideId "13801910"]
[BlackFideId "24128066"]
[WhiteElo "1545"]
[BlackElo "2258"]
[Result "0-1"]
[Round "09"]
[TimeControl "180+1"]
[Date "2022.03.01"]
[WhiteClock "0:00:06"]
[BlackClock "0:00:29"]

1. d4 d5 2. c4 e6 3. Nf3 Nf6 4. g3 Bb4+ 5. Bd2 Be7 6. Bg2 O-O 7. O-O b6 8. cxd5 Nxd5 9. Qc2 Bb7 10. a3 c5 11. Rd1 Nd7 12. Nc3 cxd4 13. Nxd4 Rc8 14. Qa4 Nc5 15. Qc2 Bf6 16. Ndb5 a6 17. Nxd5 Bxd5 18. Nc3 Bb3 19. Qc1 Bxd1 20. Qxd1 Bxc3 21. Bxc3 Qxd1+ 22. Rxd1 Rfd8 23. Rb1 Rc7 24. e3 Rcd7 25. Bd4 f6 26. Bf3 e5 27. Bc3 Kf7 28. Kf1 e4 29. Bg4 Rd5 30. Bd4 f5 31. Bd1 R5d6 32. b4 Nd3 33. Bb3+ Kg6 34. Ke2 Rc6 35. Ba4 b5 36. Bb3 Rc1 37. Ba2 Rc2+ 38. Kf1 Rxf2+ 0-1


[Site "https://www.chess.com"]

[Event "Titled Tuesday Blitz March 01 Early 2022"]
[White "Suleymanli, Aydin"]
[Black "Muradov, Soltan"]
[WhiteFideId "13413937"]
[BlackFideId "14002108"]
[WhiteElo "2529"]
[BlackElo "1854"]
[Result "1-0"]
[Round "09"]
[TimeControl "180+1"]
[Date "2022.03.01"]
[WhiteClock "0:00:07"]
[BlackClock "0:00:01"]

1. e4 e5 2. Nf3 Nf6 3. Nc3 Bb4 4. d3 O-O 5. g3 d5 6. exd5 Nxd5 7. Bd2 Nxc3 8. bxc3 Bd6 9. Bg2 Nc6 10. O-O Bg4 11. Qb1 Rb8 12. Re1 Qf6 13. Ng5 Qg6 14. Qb5 Be7 15. Nf3 Bd6 16. Rab1 Qh5 17. Nh4 g5 18. h3 Bxh3 19. Bxh3 gxh4 20. g4 Qg6 21. Kh1 Kh8 22. Re4 Qf6 23. Rf1 Rg8 24. f4 exf4 25. d4 Rbe8 26. Rxe8 Rxe8 27. Qxb7 Re2 28. g5 Qe7 29. Qa8+ Kg7 30. Qxc6 Rxd2 31. Qf3 Rxc2 32. Qh5 Qe4+ 33. Rf3 1-0


[Site "https://www.chess.com"]

[Event "Titled Tuesday Blitz March 01 Early 2022"]
[White "Szpar, Milosz"]
[Black "Ter-Sahakyan, Samvel"]
[WhiteFideId "1184989"]
[BlackFideId "13302531"]
[WhiteElo "2447"]
[BlackElo "2592"]
[Result "1-0"]
[Round "09"]
[TimeControl "180+1"]
[Date "2022.03.01"]
[WhiteClock "0:00:36"]
[BlackClock "0:00:01"]

1. e4 c6 2. d4 d5 3. Nc3 dxe4 4. Nxe4 Nf6 5. Qd3 Nbd7 6. Nf3 g6 7. Be2 Bg7 8. O-O O-O 9. Rd1 b6 10. Nxf6+ Nxf6 11. Ne5 Bb7 12. Bf3 Rc8 13. Bg5 Nd7 14. Nc4 Bf6 15. Bf4 Re8 16. Qa3 a5 17. c3 Bg7 18. Re1 Nf6 19. Rad1 Nd5 20. Bg3 Ba6 21. Ne5 e6 22. h4 Ne7 23. h5 Nd5 24. Qb3 b5 25. Qc2 Bb7 26. Nd3 Bf6 27. Nc5 Ba8 28. Ne4 Be7 29. hxg6 hxg6 30. Qd2 Nf6 31. Qh6 Nxe4 32. Bxe4 Bg5 33. Qh2 Bf6 34. Bd6 Bg7 35. Rd3 Qf6 36. Be5 Qg5 37. Bf4 Qe7 38. Rh3 e5 39. Bh6 c5 40. Bxg7 Kxg7 41. Rh7+ Kf6 42. Bxa8 Rxa8 43. Qh4+ 1-0


[Site "https://www.chess.com"]

[Event "Titled Tuesday Blitz March 01 Early 2022"]
[White "Tari, Aryan"]
[Black "Martinez Alcantara, Jose Eduardo"]
[WhiteFideId "1510045"]
[BlackFideId "3805662"]
[WhiteElo "2911"]
[BlackElo "2943"]
[Result "0-1"]
[Round "09"]
[TimeControl "180+1"]
[Date "2022.03.01"]
[WhiteClock "0:00:01"]
[BlackClock "0:00:31"]

1. e4 c5 2. Nc3 d6 3. f4 e6 4. Nf3 a6 5. g3 b5 6. Bg2 Bb7 7. d3 Be7 8. O-O Nf6 9. f5 e5 10. Bg5 Nbd7 11. Nd2 h6 12. Bxf6 Nxf6 13. Nd5 Bxd5 14. exd5 Qb6 15. c4 h5 16. h3 b4 17. Bf3 Kf8 18. Kg2 a5 19. g4 Nh7 20. Qa4 Ng5 21. Be2 hxg4 22. hxg4 Bf6 23. Rh1 Ke7 24. Nb3 e4 25. dxe4 Bxb2 26. Rxh8 Rxh8 27. Rh1 Rxh1 28. Kxh1 Qd8 29. Qc6 Be5 30. Kg2 Qh8 31. Kf2 Qh2+ 32. Ke1 Bc3+ 33. Kd1 Qh1+ 0-1


[Site "https://www.chess.com"]

[Event "Titled Tuesday Blitz March 01 Early 2022"]
[White "Thorhallsson, Simon"]
[Black "Polster, Christian"]
[WhiteFideId "2310090"]
[BlackFideId "12965081"]
[WhiteElo "2137"]
[BlackElo "2297"]
[Result "1-0"]
[Round "09"]
[TimeControl "180+1"]
[Date "2022.03.01"]
[WhiteClock "0:00:08"]
[BlackClock "0:00:12"]

1. e4 c5 2. Nf3 d6 3. d4 cxd4 4. Nxd4 Nf6 5. Nc3 a6 6. Be2 e5 7. Nb3 Be7 8. Bg5 Nbd7 9. a4 b6 10. Bc4 Bb7 11. Qe2 O-O 12. O-O Nxe4 13. Nxe4 d5 14. Nd6 Bxg5 15. Nxb7 Qc7 16. Bxd5 Nf6 17. Be4 Nxe4 18. Qxe4 Rab8 19. Rfe1 Rxb7 20. Qxe5 Qxe5 21. Rxe5 Bf6 22. Rd5 Bxb2 23. Rb1 Ba3 24. Nd4 Rc8 25. h4 Kf8 26. g3 Bc5 27. Nf5 g6 28. Nd6 Bxd6 29. Rxd6 Rxc2 30. Rbxb6 Rxb6 31. Rxb6 Ra2 32. Rxa6 h5 33. Kg2 Kg7 34. Kf3 Kh7 35. Ke3 Kg7 36. Ra7 Kg8 37. f3 Ra3+ 38. Kf4 Kg7 39. g4 hxg4 40. fxg4 Ra1 41. Kg5 Ra3 42. a5 Ra4 43. a6 Ra5+ 44. Kf4 Ra4+ 45. Kf3 Ra3+ 46. Ke4 Ra4+ 47. Kd5 Rxg4 48. Kc5 Rxh4 49. Rb7 Rh5+ 50. Kb6 Rh1 51. Rc7 Rb1+ 52. Kc6 Ra1 53. Kb7 g5 54. Rc5 Kg6 55. Kb6 Rxa6+ 56. Kxa6 g4 57. Kb5 f5 58. Kc4 Kg5 59. Kd3 Kf4 60. Ke2 g3 61. Kf1 Kg4 62. Rc8 f4 63. Rg8+ Kf3 64. Rg7 Ke3 65. Kg2 Ke2 66. Rf7 Ke3 67. Re7+ Kd4 68. Kf3 Kd5 69. Kxf4 g2 70. Rg7 g1=Q 71. Rxg1 Kd6 72. Re1 Kc6 73. Ke5 Kc5 74. Rc1+ Kb5 75. Kd4 Kb6 76. Kd5 Kb7 77. Kd6 Kb8 78. Kd7 Ka7 79. Rb1 Ka6 80. Kc6 Ka5 81. Rb8 Ka4 82. Kc5 Ka3 83. Kc4 Ka2 84. Kc3 Ka1 85. Kc2 Ka2 86. Ra8# 1-0


[Site "https://www.chess.com"]

[Event "Titled Tuesday Blitz March 01 Early 2022"]
[White "Todorovic, Bojan"]
[Black "Mena, Ailen Oriana"]
[WhiteFideId "917087"]
[BlackFideId "3902773"]
[WhiteElo "2266"]
[BlackElo "1534"]
[Result "1-0"]
[Round "09"]
[TimeControl "180+1"]
[Date "2022.03.01"]
[WhiteClock "0:01:33"]
[BlackClock "0:00:38"]

1. Nf3 Nf6 2. c4 e6 3. g3 d5 4. Bg2 Be7 5. O-O O-O 6. b3 c5 7. Bb2 Nc6 8. e3 b6 9. Nc3 Bb7 10. cxd5 exd5 11. d4 Rc8 12. Rc1 Qd7 13. Ne5 Qc7 14. Nxc6 Bxc6 15. dxc5 Bxc5 16. Nxd5 Nxd5 17. Bxd5 Rfd8 18. Qg4 g6 19. Bxc6 Qxc6 20. b4 h5 21. Qc4 Rd5 22. bxc5 Rxc5 23. Qd4 f6 24. Rxc5 Qxc5 25. Rc1 1-0


[Site "https://www.chess.com"]

[Event "Titled Tuesday Blitz March 01 Early 2022"]
[White "Tologon tegin, Semetei"]
[Black "Bambino Filho, Antonio Carlos"]
[WhiteFideId "13800574"]
[BlackFideId "2113163"]
[WhiteElo "2258"]
[BlackElo "2457"]
[Result "1-0"]
[Round "09"]
[TimeControl "180+1"]
[Date "2022.03.01"]
[WhiteClock "0:01:31"]
[BlackClock "0:01:15"]

1. e4 c5 2. Nc3 Nc6 3. Bb5 Nd4 4. Nf3 Nxb5 5. Nxb5 d6 6. d4 cxd4 7. Nbxd4 Nf6 8. Qd3 g6 9. O-O Bg7 10. h3 O-O 11. c4 b6 12. b3 Bb7 13. Re1 e6 14. Ba3 Re8 15. Rad1 d5 16. exd5 exd5 17. Rxe8+ Qxe8 18. Nb5 dxc4 19. bxc4 Qc6 20. Nd6 Rd8 21. Qf1 Ba8 22. Ne5 Qa4 23. Nexf7 Rd7 24. Ne5 Qxa3 25. Nxd7 Nxd7 26. Qe2 Nf8 27. Qe8 Qa4 28. Qxa4 1-0


[Site "https://www.chess.com"]

[Event "Titled Tuesday Blitz March 01 Early 2022"]
[White "Tomiello, Mateus Costamilan"]
[Black "Gormally, Daniel W"]
[WhiteFideId "22701958"]
[BlackFideId "406465"]
[WhiteElo "1975"]
[BlackElo "2543"]
[Result "0-1"]
[Round "09"]
[TimeControl "180+1"]
[Date "2022.03.01"]
[WhiteClock "0:00:11"]
[BlackClock "0:00:18"]

1. e4 b6 2. d4 Bb7 3. Nc3 e6 4. Bd3 Bb4 5. Nf3 Nf6 6. Qe2 d5 7. e5 Ne4 8. O-O Nxc3 9. bxc3 Bxc3 10. Rb1 Nc6 11. Qe3 Bb4 12. Ng5 Be7 13. f4 Nxd4 14. Kh1 c5 15. c3 Nf5 16. Bxf5 exf5 17. e6 Bxg5 18. exf7+ Kxf7 19. fxg5 Re8 20. Qh3 Kg8 21. Qxf5 Qe7 22. g6 hxg6 23. Qxg6 Qe6 24. Qg3 d4 25. cxd4 cxd4 26. Bb2 Qd5 27. Rf2 Re5 28. Rbf1 Rg5 29. Qb3 Qxb3 30. axb3 Rd8 31. Rd1 d3 32. Kg1 Be4 33. g3 Rb5 34. Rf4 Bg6 35. b4 a5 36. Bc3 Rc8 37. Be1 a4 38. Ra1 Rc2 39. Rf2 Rxf2 40. Kxf2 Re5 41. Rxa4 Re2+ 42. Kf1 Be4 43. Bc3 Rc2 44. Be1 d2 45. Bxd2 Rxd2 46. Ra6 Bd3+ 47. Ke1 Re2+ 0-1


[Site "https://www.chess.com"]

[Event "Titled Tuesday Blitz March 01 Early 2022"]
[White "Topalov, Aleksandar"]
[Black "Vantika, Agrawal"]
[WhiteFideId "925659"]
[BlackFideId "25050389"]
[WhiteElo "2098"]
[BlackElo "2075"]
[Result "0-1"]
[Round "09"]
[TimeControl "180+1"]
[Date "2022.03.01"]
[WhiteClock "0:00:59"]
[BlackClock "0:00:54"]

1. b3 Nf6 2. Bb2 g6 3. Bxf6 exf6 4. c4 d5 5. cxd5 Qxd5 6. Nc3 Qd8 7. a3 c6 8. e3 Bd6 9. Nge2 O-O 10. g3 f5 11. Bg2 Nd7 12. d4 Nf6 13. O-O Qe7 14. b4 Rd8 15. Qc2 h5 16. Rfd1 h4 17. Na4 Be6 18. Nc5 Bd5 19. Nf4 Bxf4 20. gxf4 Bxg2 21. Kxg2 Ne4 22. Nxe4 fxe4 23. h3 Rd5 24. Rg1 a5 25. bxa5 Rdxa5 26. a4 Qe6 27. Qb2 Qd7 28. Kh2 Rxa4 29. Rxa4 Rxa4 30. f5 Qxf5 31. Qxb7 Qxf2+ 32. Rg2 Qxe3 33. Qb8+ Kh7 34. Qc7 Qf3 35. Qe5 Ra3 0-1


[Site "https://www.chess.com"]

[Event "Titled Tuesday Blitz March 01 Early 2022"]
[White "Tsvetkov, Andrey"]
[Black "Zheenbekov, Nurgazy"]
[WhiteFideId "34139360"]
[BlackFideId "13800485"]
[WhiteElo "2280"]
[BlackElo "1959"]
[Result "1-0"]
[Round "09"]
[TimeControl "180+1"]
[Date "2022.03.01"]
[WhiteClock "0:01:13"]
[BlackClock "0:00:19"]

1. d4 Nf6 2. c4 e6 3. Nc3 Bb4 4. f3 d5 5. a3 Bxc3+ 6. bxc3 O-O 7. cxd5 exd5 8. e3 c5 9. Bd3 Nc6 10. Ne2 Re8 11. O-O b6 12. Ng3 a5 13. Ra2 Ba6 14. Re2 Bxd3 15. Qxd3 a4 16. Bb2 Na5 17. e4 Nc4 18. e5 Nd7 19. Bc1 g6 20. f4 f5 21. Nxf5 gxf5 22. Qxf5 Nf8 23. e6 Ng6 24. Qf7+ Kh8 25. f5 Nd6 26. fxg6 Nxf7 27. gxf7 cxd4 28. cxd4 Qh4 29. Bf4 h6 30. Be5+ Kh7 31. fxe8=Q Rxe8 32. Rf7+ Kg6 33. Rg7+ Kf5 34. g4+ Kxe6 35. Bg3+ 1-0


[Site "https://www.chess.com"]

[Event "Titled Tuesday Blitz March 01 Early 2022"]
[White "Tsyhanchuk, Stanislav"]
[Black "Sliwicki, Damian"]
[WhiteFideId "13505130"]
[BlackFideId "1127128"]
[WhiteElo "2078"]
[BlackElo "2084"]
[Result "0-1"]
[Round "09"]
[TimeControl "180+1"]
[Date "2022.03.01"]
[WhiteClock "0:00:28"]
[BlackClock "0:00:06"]

1. d4 Nf6 2. c4 e6 3. Nc3 Bb4 4. Nf3 d5 5. cxd5 exd5 6. Bg5 Nbd7 7. e3 c5 8. a3 Bxc3+ 9. bxc3 Qa5 10. Qc2 Ne4 11. Rc1 c4 12. a4 Nb6 13. Bf4 Bf5 14. Nh4 Bd7 15. f3 Nf6 16. Nf5 Bxf5 17. Qxf5 O-O 18. Be2 Nxa4 19. Be5 Nxc3 20. Bxf6 Ne4+ 21. Kf1 Nxf6 22. g4 Rae8 23. g5 Rxe3 24. gxf6 Qd2 25. Re1 g6 26. Qh3 Rfe8 27. Qg2 Rxe2 28. Qxe2 Rxe2 29. Rxe2 Qd1+ 30. Kf2 Qxd4+ 31. Kg2 Qxf6 32. Re8+ Kg7 33. Rhe1 Qg5+ 34. Kf2 c3 35. Rc8 Qd2+ 36. Re2 Qd4+ 37. Kg2 b5 38. Rc7 Qd3 39. Ree7 Qf5 40. Rxc3 Qg5+ 41. Kf2 Qxe7 42. Re3 Qc5 0-1


[Site "https://www.chess.com"]

[Event "Titled Tuesday Blitz March 01 Early 2022"]
[White "Tymrakiewicz, Rafal"]
[Black "Bintang, Rasyid A. Hidayat"]
[WhiteFideId "1108832"]
[BlackFideId "7105355"]
[WhiteElo "2205"]
[BlackElo "2364"]
[Result "1-0"]
[Round "09"]
[TimeControl "180+1"]
[Date "2022.03.01"]
[WhiteClock "0:01:56"]
[BlackClock "0:01:38"]

1. d4 d5 2. Bg5 Nf6 3. e3 h6 4. Bxf6 exf6 5. c4 dxc4 6. Bxc4 Bd6 7. Nf3 O-O 8. O-O Nd7 9. Nc3 a6 10. Bb3 Nb6 11. Rc1 Bg4 12. h3 Bh5 13. Qd3 Bg6 14. Qxg6 Qe8 15. Qf5 a5 16. a3 a4 17. Ba2 Qc6 18. Ne4 Qe8 19. Nxf6+ gxf6 20. Bb1 1-0


[Site "https://www.chess.com"]

[Event "Titled Tuesday Blitz March 01 Early 2022"]
[White "Urazayev, Arystanbek"]
[Black "Brodowski, Piotr"]
[WhiteFideId "13709810"]
[BlackFideId "1124480"]
[WhiteElo "2321"]
[BlackElo "2422"]
[Result "1-0"]
[Round "09"]
[TimeControl "180+1"]
[Date "2022.03.01"]
[WhiteClock "0:00:22"]
[BlackClock "0:00:01"]

1. e4 c5 2. Nf3 Nc6 3. Bb5 e6 4. O-O Nge7 5. Re1 a6 6. Bf1 Ng6 7. c3 d5 8. exd5 Qxd5 9. d4 cxd4 10. cxd4 Be7 11. Nc3 Qh5 12. d5 exd5 13. Nxd5 O-O 14. Nxe7+ Ncxe7 15. Be3 Be6 16. Nd4 Qxd1 17. Rexd1 Bd5 18. b3 Rfd8 19. Rac1 Rac8 20. f3 f6 21. Kf2 Kf7 22. g3 Ne5 23. h4 h5 24. Be2 N7c6 25. Nxc6 Bxc6 26. Bb6 Rxd1 27. Rxd1 Bb5 28. Bxb5 axb5 29. Rd2 Rc3 30. Be3 Ke6 31. Ke2 g5 32. hxg5 fxg5 33. Bd4 Rc7 34. Ke3 Rf7 35. Bxe5 Kxe5 36. Rd8 Rh7 37. Rg8 Kf6 38. Kf2 h4 39. Kg2 hxg3 40. Kxg3 Rc7 41. Rb8 b4 42. Kg4 Rd7 43. Rf8+ Ke7 44. Rf5 Rd2 45. Rb5 Rxa2 46. Rxb7+ Kf6 47. Rb6+ Ke5 48. Rb5+ Kf6 49. Rb6+ Ke5 50. Kxg5 Rg2+ 51. Kh4 Kf4 52. Rf6+ Ke5 53. Rf8 Rb2 54. f4+ Ke6 55. Kg5 Rxb3 56. Rf6+ Ke7 57. Rb6 Rb1 58. Rb7+ Ke8 59. f5 b3 60. Kf6 b2 61. Rb3 Kd7 62. Rd3+ Ke8 63. Rd2 Ra1 64. Rxb2 Ra6+ 65. Kg7 Ra7+ 66. Kg6 Ra8 67. f6 Ra1 68. f7+ 1-0


[Site "https://www.chess.com"]

[Event "Titled Tuesday Blitz March 01 Early 2022"]
[White "Van Foreest, Jorden"]
[Black "Mosadeghpour, Masoud"]
[WhiteFideId "1039784"]
[BlackFideId "12519278"]
[WhiteElo "2995"]
[BlackElo "2900"]
[Result "0-1"]
[Round "09"]
[TimeControl "180+1"]
[Date "2022.03.01"]
[WhiteClock "0:00:02"]
[BlackClock "0:00:05"]

1. e4 c5 2. Nf3 d6 3. Bc4 Nc6 4. O-O Nf6 5. Re1 e6 6. Nc3 Be7 7. d4 cxd4 8. Nxd4 O-O 9. a4 a6 10. Nxc6 bxc6 11. a5 d5 12. Bd3 Rb8 13. Ra4 Rb4 14. e5 Nd7 15. Rxb4 Bxb4 16. Qg4 Qxa5 17. Bh6 g6 18. Bxf8 Bxf8 19. h4 Bg7 20. Qa4 Qb6 21. h5 Bxe5 22. hxg6 hxg6 23. Nd1 Kg7 24. Qh4 Bf6 25. Qh2 c5 26. Ne3 c4 27. Be2 Qxb2 28. Ng4 Bc3 29. Rf1 Qxc2 30. Bf3 Qd2 31. Qc7 Nf6 32. Nxf6 Bxf6 33. Qxc8 c3 34. Rd1 Qb2 35. Rf1 c2 36. g3 Bg5 37. Qxa6 c1=Q 38. Rxc1 Qxc1+ 39. Kg2 Qc3 40. Qe2 Bf6 41. Bg4 Qd4 42. Bf3 e5 43. Bg4 e4 44. Qb5 Qe5 45. Qd7 d4 46. Bd1 e3 47. Bb3 Be7 48. fxe3 dxe3 49. Qd5 Qf6 50. Qf3 Qb2+ 51. Kh3 Qxb3 0-1


[Site "https://www.chess.com"]

[Event "Titled Tuesday Blitz March 01 Early 2022"]
[White "Van den Dikkenberg, Erik"]
[Black "Heinemann, Josefine"]
[WhiteFideId "1005880"]
[BlackFideId "12900460"]
[WhiteElo "2118"]
[BlackElo "2300"]
[Result "0-1"]
[Round "09"]
[TimeControl "180+1"]
[Date "2022.03.01"]
[WhiteClock "0:00:11"]
[BlackClock "0:01:05"]

1. e4 e5 2. Nf3 Nc6 3. d4 exd4 4. Nxd4 Nf6 5. Nxc6 bxc6 6. e5 Qe7 7. Qe2 Nd5 8. h4 a5 9. c4 Ba6 10. Nd2 a4 11. Qe4 Nb6 12. Bd3 d5 13. cxd5 cxd5 14. Qd4 Bxd3 15. Qxd3 Qxe5+ 16. Kd1 Be7 17. Re1 Qd6 18. Nf3 O-O 19. Nd4 Bf6 20. Nf5 Qd7 21. g4 Rfe8 22. Rxe8+ Rxe8 23. Be3 Nc4 24. Kc2 Nxb2 25. Qa6 Nc4 26. Rd1 Nxe3+ 27. fxe3 Rb8 28. Qa7 Qc6+ 29. Kd2 Rb2+ 30. Ke1 Qc3+ 31. Kf1 Qc4+ 32. Kg1 Qxg4+ 33. Kh1 Qxd1# 0-1


[Site "https://www.chess.com"]